[Event "*** Titled Tuesday 3|2 Blitz"]
[Site "Chess.com"]
[Date "2015.11.03"]
[Round "6"]
[White "metalbattler"]
[Black "WanderingPuppet"]
[Result "1-0"]
[WhiteElo "1994"]
[BlackElo "2195"]
[TimeControl "180+2"]
[EndTime "12:20:15 PST"]
[Termination "metalbattler won by resignation"]

1. e4 c5 2. Nc3 d6 3. d4 cxd4 4. Qxd4 Nc6 5. Bb5 Bd7 6. Bxc6 bxc6 7. Bg5 e5 8. Qd3 Qxg5 9. Nf3 Qd8 10. O-O-O Nf6 11.
Qc4 Be7 12. h4 O-O 13. Ng5 h6 14. f3 Rb8 15. g4 Qb6 16. b3 hxg5 17. hxg5 Qe3+ 18.
Kb2 Qxg5 19. Qe2 Nh7 20. Rh5 Qf4 21. Rdh1 g6 22. Rxh7 Bf6 23. g5 Qxg5 24. Qh2 Qh4 25. Rxh4 Bxh4 26. Qxh4 Kg7 27. Qh6+ Kf6 28. f4 exf4 29.
Qxf4+ Kg7 30. Qxd6 Bg4 31. Qxc6 Rbe8 32. Qc7 Re6 33. Rf1 Bh3 34. Rf3 Bg2 35. Re3 Rfe8 36. e5 a5 37. Nd5 Bxd5 38. c4 Bg2 39. Qxa5 R8e7 40. Qc3 Bc6 41. b4 Rc7 42. Kb3 Bb5 43. c5 Ra7 44. a3 Ba4+ 45. Kb2 Bb5 46. Qd4 Rd7 47. Qh4 Rd2+ 48. Kc3 Ra2 49. Kb3 Rg2 50. Rh3 Kf8 51. Qd8+ Re8 52. Rh8+ Kg7 53. Rxe8 Rg3+ 54.
Kb2 Bxe8 55. Qxe8 Rg2+ 56. Kc3 Re2 57. a4 g5 58. Qe7 g4 59. Qg5+ Kf8 60. Qxg4 Rxe5 61.
Kc4 Re1 62. c6 Rc1+ 63. Kb5 Ke7 64. Qg5+ Kd6 65. Qxc1 Kc7 66. Qd1 f5 67. Qd7+ Kb8 68. Kb6 1-0

[Event "*** Titled Tuesday 3|2 Blitz"]
[Site "Chess.com"]
[Date "2015.11.03"]
[Round "6"]
[White "jup1978"]
[Black "Makalexa"]
[Result "0-1"]
[WhiteElo "2205"]
[BlackElo "2098"]
[TimeControl "180+2"]
[EndTime "12:20:22 PST"]
[Termination "Makalexa won by resignation"]

1. e4 c5 2. Nf3 d6 3. Bb5+ Bd7 4. Bxd7+ Nxd7 5. d4 g6 6. O-O Bg7 7. c3 Ngf6 8. e5 Ne4 9. exd6 Nxd6 10. Bf4 O-O 11.
dxc5 Nxc5 12. Bxd6 Qxd6 13. Qxd6 exd6 14. Rd1 Rad8 15.
Na3 d5 16. Nc2 Na4 17. Rab1 Rd7 18. Ncd4 Rfd8 19. Kf1 a6 20. Re1 b5 21. a3 Nb6 22.
Ne5 Bxe5 23. Rxe5 Nc4 24. Re2 Kf8 25. b3 Nd6 26. f3 Re8 27. Rbe1 Rxe2 28. Rxe2 a5 29.
Ke1 a4 30. bxa4 bxa4 31. Rb2 Nc4 32. Rb4 Ra7 33. Nc2 Ke7 34. Rb5 Ke6 35. Kf2 Rc7 36.
Rb4 Ra7 37. Rb5 Rc7 38. Nd4+ Kf6 39. Rxd5 Nxa3 40. Ra5 Rc4 41. h4 h5 42. Ke2 Nb1 43. Nb5 Rxh4 44. Kd3 Rh2 45. Rxa4 Rxg2 46. Ra1 Rb2 47. Nd4 h4 48. Ra6+ Kg5 49. Ra5+ Kf4 50. Ra7 f5 51. Rg7 g5 52. Ne6+ Kxf3 53. Nxg5+ Kf2 54.
Nh3+ Kf3 55. Ng1+ Kf4 56. Nh3+ Kf3 57. Ng1+ Kf4 58. Nh3+ Ke5 59. Re7+ Kf6 60. Rh7 Rd2+ 61. Ke3 Rc2 62. Rxh4 Rxc3+ 63. Kd4 Ra3 64. Rh6+ Kg7 65. Rh5 Kg6 66. Rg5+ Kf6 67. Rg8 Rxh3 68. Rf8+ Kg5 69. Ke5 Re3+ 70. Kd4 Re7 71. Rg8+ Kf4 72. Rg1 Nd2 73.
Kd3 Nf3 74. Rg6 Re3+ 75. Kc2 Nd4+ 76. Kd2 Nf3+ 77. Kc2 Re2+ 78. Kd1 Rd2+ 79. Kc1 Rd8 80.
Rg7 Ke3 81. Re7+ Kf4 82. Rg7 Ne5 83. Kc2 Ke3 84. Rg3+ Ke4 85. Rg7 f4 86. Rh7 f3 87.
Rh4+ Ke3 88. Rh3 Ke2 0-1

[Event "*** Titled Tuesday 3|2 Blitz"]
[Site "Chess.com"]
[Date "2015.11.03"]
[Round "6"]
[White "yurisolo"]
[Black "Krutoy123"]
[Result "0-1"]
[WhiteElo "2470"]
[BlackElo "2317"]
[TimeControl "180+2"]
[EndTime "12:20:33 PST"]
[Termination "Krutoy123 won by resignation"]

1. e4 c5 2. d4 cxd4 3. Nf3 e6 4. Nxd4 a6 5. c4 Nf6 6. Nc3 d6 7. Be3 Be7 8. Be2 O-O 9. O-O b6 10. f4 Bb7 11. Bf3 Qc7 12. Rc1 Nbd7 13. Re1 Rad8 14. Qe2 Rfe8 15. g4 e5 16. Nf5 Nc5 17. Nd5 Bxd5 18.
cxd5 Qb7 19. fxe5 dxe5 20. b4 Ncxe4 21. Nxe7+ Qxe7 22. g5 Nxd5 23. Bxe4 Nxe3 24. Qxe3 Rd4 25. a3 Red8 26. h4 h6 27. Kh1 g6 28. Rc2 hxg5 29. hxg5 Kg7 30. Rh2 Rd1 31. Re2 Rh8+ 32. Kg1 Rxe1+ 33.
Rxe1 Rh5 34. Bg2 Rxg5 35. Qxb6 Qd7 36. Qe3 Qg4 37. Qe2 Qg3 38. a4 Rh5 39. Qe4 Qh2+ 40. Kf1 Rf5+ 41. Bf3 Rf4 42. Qxe5+ f6 43. Qe3 Rf5 44. Re2 Qh1+ 45. Kf2 Qh2+ 46. Ke1 Qg3+ 47. Kd2 Rxf3 48. Qe7+ Kh6 49. Qf8+ Kg5 50. Qc5+ Rf5 51.
Qc6 Qf4+ 52. Kc2 Qxb4 53. Rg2+ Kh6 54. Rh2+ Rh5 55. Rxh5+ Kxh5 56. Qxa6 g5 57. a5 g4 58. Qb6 Qa4+ 59. Kd2 g3 60. Ke2 Qe4+ 61. Kf1 Qh1+ 62.
Qg1 Qf3+ 63. Ke1 Qc3+ 64. Kf1 Kg4 65. Qb6 Qc1+ 66. Kg2 Qd2+ 67. Kf1 Qd1+ 68. Kg2 Qe2+ 69. Kg1 Qh2+ 70. Kf1 g2+ 0-1

[Event "*** Titled Tuesday 3|2 Blitz"]
[Site "Chess.com"]
[Date "2015.11.03"]
[Round "6"]
[White "Blitzstream"]
[Black "Canonkasparov"]
[Result "1/2-1/2"]
[WhiteElo "2409"]
[BlackElo "2370"]
[TimeControl "180+2"]
[EndTime "12:20:59 PST"]
[Termination "Game drawn - insufficient material"]

1. d4 d5 2. Nf3 Nf6 3. Bf4 c5 4. e3 Qb6 5. Qc1 Nc6 6. c3 Bf5 7. Be2 e6 8. O-O Be7 9. Nbd2 h6 10. h3 O-O 11. Re1 Rfc8 12. Ne5 cxd4 13. Nxc6 bxc6 14. exd4 c5 15. Be3 a5 16. dxc5 Bxc5 17. Nb3 Bxe3 18. Qxe3 Qxe3 19. fxe3 a4 20. Nd4 Bh7 21. Nb5 Rab8 22. b3 axb3 23. axb3 Ne4 24. c4 dxc4 25. bxc4 g5 26. Ra7 Ng3 27. Bh5 Nxh5 28. Nd6 Rf8 29.
c5 Rb2 30. Rc1 Rd2 31. Nc4 Rd5 32. Nb6 Rdd8 33. c6 Rd6 34. Rd7 Rxd7 35. Nxd7 Rc8 36. c7 Ng3 37. Kh2 Nf1+ 38. Rxf1 Rxc7 39. Ne5 Kg7 40. Nf3 Be4 41. Nd2 Bd5 42. e4 Bb7 43. Rf2 Rc2 44. Kg3 h5 45. h4 f6 46. hxg5 fxg5 47. Re2 Ba6 48. Rf2 Bd3 49. Kf3 Kg6 50.
Ke3 Ba6 51. e5 Rc3+ 52. Kd4 Rd3+ 53. Ke4 Rg3 54. Rf6+ Kg7 55. Rxe6 Bb7+ 56. Kd4 Bxg2 57. Re7+ Kf8 58. Ra7 h4 59. e6 h3 60. Ke5 Re3+ 61. Kf6 Kg8 62. Rg7+ Kh8 63. Rxg5 Kh7 64. e7 Kh6 65.
Rg8 Kh5 66. e8=Q+ Rxe8 67. Rxe8 Kg4 68. Rg8+ Kf4 69. Rh8 Kg3 70. Rg8+ Kf4 71. Rh8 Kg3 72. Rg8+ Kf4 73. Rh8 Kg3 74. Ke5 h2 75. Ne4+ Bxe4 76.
Kxe4 Kg2 77. Rg8+ Kf2 78. Rf8+ Kg2 79. Rg8+ Kf2 80. Rh8 Kg2 81. Ke3 h1=Q 82. Rxh1 Kxh1 1/2-1/2

[Event "*** Titled Tuesday 3|2 Blitz"]
[Site "Chess.com"]
[Date "2015.11.03"]
[Round "6"]
[White "motivated_bishop"]
[Black "ruifeng"]
[Result "1-0"]
[WhiteElo "2221"]
[BlackElo "2142"]
[TimeControl "180+2"]
[EndTime "12:22:37 PST"]
[Termination "motivated_bishop won by checkmate"]

1. d4 Nf6 2. c4 g6 3. Nc3 Bg7 4. e4 d6 5. f3 O-O 6. Be3 c6 7. Qd2 e5 8. d5 a6 9. Bd3 cxd5 10.
cxd5 Nbd7 11. Nge2 b5 12. O-O Nc5 13. Bc2 b4 14. Na4 Nxa4 15. Bxa4 Rb8 16. Rfc1 Bd7 17. Bxd7 Nxd7 18. Rc6 Qe7 19. Rxa6 Rb7 20. Rc1 f5 21. Bg5 Bf6 22. Bh6 Bg7 23. exf5 gxf5 24. Qg5 Qxg5 25. Bxg5 e4 26. fxe4 fxe4 27. Rxd6 Bxb2 28. Rf1 Rc8 29. Ng3 Be5 30. Nxe4 Rc4 31. Bh6 Rxe4 32. Rxd7 Bd4+ 33. Kh1 Rb8 34. Rb7 Rbe8 35. Rxb4 Re1 36. Rb1 R1e2 37. Rbd1 Bg7 38. Bxg7 Kxg7 39. d6 Rxa2 40. h3 Ra7 41.
Rf3 Rd7 42. Rfd3 Re6 43. Kh2 Rg6 44. g4 Re6 45. Kg3 h6 46. R1d2 Kg6 47. Rd5 Rf6 48.
R2d3 Re6 49. h4 Rf6 50. h5+ Kg7 51. Kh4 Re6 52. R3d4 Kh7 53. g5 hxg5+ 54. Kxg5 Rh6 55. Kh4 Re6 56. Kg4 Kh6 57. Kf3 Rf7+ 58. Rf4 Rd7 59.
Rfd4 Rf7+ 60. Kg4 Rd7 61. Kf5 Re8 62. Re5 Rf7+ 63. Ke4 Rd8 64. Kd5 Rdd7 65. Ke6 Rg7 66. Rf4 Kh7 67. Rf6 Ra7 68. h6 Rgb7 69. Rg5 Kh8 70.
Rc5 Kh7 71. Rc8 Re7+ 72. Kd5 Re5+ 73. Kxe5 Ra5+ 74. Kf4 Ra4+ 75. Ke5 Re4+ 76. Kf5 Re5+ 77.
Kg4 Rg5+ 78. Kf4 Rg4+ 79. Ke3 Re4+ 80. Kf3 Re3+ 81. Kg2 Rg3+ 82. Kf2 Rg2+ 83. Ke1 Re2+ 84. Kd1 Rd2+ 85. Kc1 Rd1+ 86. Kb2 Rb1+ 87. Kc2 Rc1+ 88. Kd3 Rd1+ 89. Ke4 Rd4+ 90. Kf5 Rd5+ 91. Ke6 Rxd6+ 92.
Ke7 Rd7+ 93. Ke8 Re7+ 94. Kf8 Re1 95. Rc7+ Kh8 96. Re7 Rf1 97. Kf7 Ra1 98. Kg6 Rg1+ 99. Kh5 Rh1+ 100. Kg5 Rg1+ 101. Kh4 Rg8 102. Rff7 Ra8 103. Rh7+ Kg8 104.
Reg7+ Kf8 105. Rh8# 1-0

[Event "*** Titled Tuesday 3|2 Blitz"]
[Site "Chess.com"]
[Date "2015.11.03"]
[Round "7"]
[White "manubibi"]
[Black "Entilza"]
[Result "1-0"]
[WhiteElo "2427"]
[BlackElo "2040"]
[TimeControl "180+2"]
[EndTime "12:26:40 PST"]
[Termination "manubibi won by resignation"]

1. e4 d6 2. d4 Nf6 3. Nc3 e5 4. Nf3 Nbd7 5. h3 Be7 6. g4 h6 7.
Bg2 c6 8. O-O b5 9. Be3 b4 10.
Ne2 a5 11. Ng3 Ba6 12. Re1 Qc7 13. Qd2 exd4 14. Bxd4 c5 15. e5 cxd4 16. exd6 Qxd6 17. Nf5 O-O 18. Nxd6 Bxd6 19. Nxd4 Rad8 20. Nc6 Ne5 21.
Nxd8 Rxd8 22. Rxe5 1-0

[Event "*** Titled Tuesday 3|2 Blitz"]
[Site "Chess.com"]
[Date "2015.11.03"]
[Round "7"]
[White "Fandorine"]
[Black "TomsKantans"]
[Result "1-0"]
[WhiteElo "2553"]
[BlackElo "2330"]
[TimeControl "180+2"]
[EndTime "12:26:42 PST"]
[Termination "Fandorine won by resignation"]

1. e4 c5 2. b3 Nf6 3. e5 Nd5 4.
Bb2 Nc6 5. Nf3 d6 6. Bb5 Nc7 7. Bxc6+ bxc6 8. exd6 exd6 9. O-O Bg4 10. Qe2+ Kd7 11. Ne5+ dxe5 12. Qxg4+ Ne6 13. Bxe5 h5 14. Qf3 Qg5 15. Re1 f6 16. Qd3+ Ke7 17. Qd6+ Kf7 18. Qd7+ Be7 19. Bd6 1-0

[Event "*** Titled Tuesday 3|2 Blitz"]
[Site "Chess.com"]
[Date "2015.11.03"]
[Round "7"]
[White "LADIESGET2KNOWME"]
[Black "Er_is_geen_hoop_meer"]
[Result "1-0"]
[WhiteElo "2254"]
[BlackElo "2357"]
[TimeControl "180+2"]
[EndTime "12:28:12 PST"]
[Termination "LADIESGET2KNOWME won by resignation"]

1. d4 Nf6 2. c4 g6 3. Nc3 Bg7 4. e4 d6 5. Nf3 O-O 6. Be2 e5 7. O-O Nc6 8. d5 Ne7 9. Ne1 Nd7 10. Be3 f5 11. f3 f4 12. Bf2 g5 13.
Rc1 Ng6 14. c5 Nxc5 15. b4 Na6 16. Nb5 Rf7 17. a4 h5 18. Nxa7 Bd7 19. Nb5 Bf8 20.
Nd3 Rg7 21. h3 Nh4 22. Kh1 g4 23.
fxg4 hxg4 24. Bxg4 Bxg4 25. hxg4 Rh7 26. Kg1 Qg5 27. Ne1 Qh6 28. Bxh4 Qxh4 29. Nf3 Qxg4 30. Qd2 Rd8 31. Rc2 Rdd7 32. Rfc1 Qh5 33. Kf2 Be7 34. Ke2 Bd8 35. Kd3 Rdg7 36. Kc4 Qg6 37. Qe2 c6 38. Nc3 b5+ 39. axb5 cxb5+ 40. Kb3 Bb6 41. Qxb5 Rb7 42. Qxa6 Qe8 43. Na4 Bc5 44. Nxc5 dxc5 45. Rxc5 1-0

[Event "*** Titled Tuesday 3|2 Blitz"]
[Site "Chess.com"]
[Date "2015.11.03"]
[Round "7"]
[White "ChadaevNikolay"]
[Black "Viaje"]
[Result "1-0"]
[WhiteElo "2579"]
[BlackElo "2250"]
[TimeControl "180+2"]
[EndTime "12:28:16 PST"]
[Termination "ChadaevNikolay won by checkmate"]

1. d4 Nf6 2. Nf3 d5 3. c4 c6 4.
Nc3 e6 5. g3 Nbd7 6. Bg2 dxc4 7.
O-O Be7 8. a4 O-O 9. e4 e5 10.
dxe5 Ng4 11. Bf4 Qa5 12. e6 fxe6 13. Qe2 g5 14. Nxg5 Bxg5 15. Qxg4 h6 16. Qxe6+ Kh7 17. Bxg5 hxg5 18. Rad1 Ne5 19. Qe7+ Rf7 20. Qe8 Bh3 21.
Qxa8 Bxg2 22. Kxg2 g4 23. Rd8 Nf3 24. Rh8+ Kg6 25. Qg8+ Rg7 26. Qe6+ Kg5 27. Qh6# 1-0

[Event "*** Titled Tuesday 3|2 Blitz"]
[Site "Chess.com"]
[Date "2015.11.03"]
[Round "7"]
[White "jcgs1030"]
[Black "JammyDodger91"]
[Result "0-1"]
[WhiteElo "2037"]
[BlackElo "2229"]
[TimeControl "180+2"]
[EndTime "12:28:46 PST"]
[Termination "JammyDodger91 won by resignation"]

1. e4 e5 2. Nf3 Nc6 3. Bb5 a6 4. Ba4 Nf6 5. O-O Be7 6. d3 b5 7. Bb3 O-O 8. c3 d6 9. Nbd2 Na5 10. Bc2 c5 11. a4 b4 12. Nc4 Nxc4 13. dxc4 bxc3 14. bxc3 Be6 15. Qd3 h6 16. a5 Qc7 17.
Rd1 Nd7 18. Ba4 Nb8 19. Be3 Nc6 20. Bxc6 Qxc6 21. Nd2 Rab8 22. Rdb1 Qc7 23. f3 Rxb1+ 24. Qxb1 Rb8 25. Qa2 Bd8 26. Kf2 Rb7 27. Ke2 Qb8 28.
Rb1 Rxb1 29. Nxb1 Qc7 30. Kd3 Qxa5 31. Qxa5 Bxa5 32. Na3 Kh7 33. g4 g6 34. Nc2 Bd8 35.
h3 Kg7 36. Bc1 f5 37. Ne3 fxg4 38. fxg4 Bg5 39. Bd2 Kf6 40. Ng2 Bxd2 41. Kxd2 Kg5 42. Kd3 a5 0-1

[Event "*** Titled Tuesday 3|2 Blitz"]
[Site "Chess.com"]
[Date "2015.11.03"]
[Round "7"]
[White "yurisolo"]
[Black "Saitama_Hero"]
[Result "0-1"]
[WhiteElo "2457"]
[BlackElo "2202"]
[TimeControl "180+2"]
[EndTime "12:28:48 PST"]
[Termination "Saitama_Hero won by resignation"]

1. e4 c5 2. d4 cxd4 3. Nf3 g6 4.
Qxd4 Nf6 5. Nc3 Nc6 6. Qa4 d6 7. e5 dxe5 8. Nxe5 Qd4 9. Nxc6 Qxa4 10. Nxa4 bxc6 11. b3 Bf5 12. c4 Rd8 13. Be2 Ne4 14. f3 Nd6 15. Bb2 f6 16. Kf2 Bh6 17. Rad1 Kf7 18. Nc5 Bc2 19. Ra1 Nf5 20. Bc1 Bf8 21.
Ba3 Bh6 22. Bc1 Bf8 23. g4 e5 24. Be3 Nxe3 25. Nb7 Rd7 26. Kxe3 Rxb7 27. Kd2 Bxb3 28. axb3 Bb4+ 29. Kc2 Rd8 30. Rhd1 Rbd7 31. Rxd7+ Rxd7 32. Ra6 Rd2+ 33. Kc1 Rxe2 34. Rxa7+ Ke6 35. Rxh7 Rf2 36. Rh3 Kd6 37. Rh6 Bd2+ 0-1

[Event "*** Titled Tuesday 3|2 Blitz"]
[Site "Chess.com"]
[Date "2015.11.03"]
[Round "7"]
[White "Chopper1905"]
[Black "Mugzyyy"]
[Result "0-1"]
[WhiteElo "2533"]
[BlackElo "2510"]
[TimeControl "180+2"]
[EndTime "12:29:17 PST"]
[Termination "Mugzyyy won by checkmate"]

1. c4 e5 2. Nc3 Nf6 3. g3 Bb4 4. Bg2 O-O 5. e4 Bxc3 6. bxc3 c6 7.
Nf3 d5 8. cxd5 cxd5 9. exd5 Nxd5 10. O-O Nc6 11. Re1 Re8 12. Qc2 Bg4 13. Rb1 Qd7 14. Ng5 Nf6 15. d3 Rad8 16. Ne4 Nxe4 17. dxe4 Na5 18. Be3 b6 19. Bf1 Qc7 20. c4 Rc8 21. Rec1 Nb7 22. a4 Qc6 23. Kg2 Be6 24. Rb5 Nd6 25. Rb4 Nxe4 26. Kg1 Nd6 27. c5 Nf5 28. Bb5 Qf3 29. Bxe8 Bd5 30. Bxf7+ Kxf7 31. Rf4 Qg2# 0-1

[Event "*** Titled Tuesday 3|2 Blitz"]
[Site "Chess.com"]
[Date "2015.11.03"]
[Round "7"]
[White "Boryboy"]
[Black "1random"]
[Result "1-0"]
[WhiteElo "2464"]
[BlackElo "1942"]
[TimeControl "180+2"]
[EndTime "12:29:29 PST"]
[Termination "Boryboy won by resignation"]

1. d4 Nf6 2. Nf3 d5 3. c4 e6 4.
g3 Be7 5. Bg2 O-O 6. O-O dxc4 7.
Ne5 Nc6 8. Bxc6 bxc6 9. Nxc6 Qe8 10. Nxe7+ Qxe7 11. Qa4 e5 12. dxe5 Qxe5 13. Qxc4 Be6 14.
Qd3 Rad8 15. Qe3 Qh5 16. f3 Rfe8 17. Qg5 Qh3 18. Qc5 Bc8 19. Nc3 Ba6 20. Qf2 Nd5 21. Ne4 f5 22. Ng5 Qh5 23. Re1 h6 24. Qxa7 Bxe2 25.
Qf2 Ba6 26. Ne6 Qf7 27. Nc5 Rxe1+ 28. Qxe1 Re8 29. Qd1 Be2 30. Qb3 Kh7 31. Bd2 f4 32. Re1 fxg3 33. hxg3 Qg6 34. Kf2 Bxf3 35. Rxe8 Qxe8 36.
Qxf3 Qc6 37. b4 Nxb4 38. Bxb4 Qb5 39. Qd3+ 1-0

[Event "*** Titled Tuesday 3|2 Blitz"]
[Site "Chess.com"]
[Date "2015.11.03"]
[Round "7"]
[White "AleksandrNevski"]
[Black "E-Shaposhnikov"]
[Result "1-0"]
[WhiteElo "2349"]
[BlackElo "2539"]
[TimeControl "180+2"]
[EndTime "12:29:52 PST"]
[Termination "AleksandrNevski won by resignation"]

1. Nf3 c5 2. c4 Nc6 3. g3 g6 4. Bg2 Bg7 5. Nc3 Nh6 6. h4 d6 7. h5 Ng4 8. d3 Bd7 9. Bd2 Rb8 10. Rb1 a6 11. h6 Bf6 12. Nd5 O-O 13.
Nxf6+ exf6 14. Bc3 b5 15. b3 Re8 16. Kf1 a5 17.
Nd2 Nd4 18. Ne4 bxc4 19. Bxd4 cxd4 20. dxc4 Qb6 21. Rh4 f5 22. Rxg4 d5 23. c5 Qe6 24.
Qxd4 f6 25. Nxf6+ 1-0

[Event "*** Titled Tuesday 3|2 Blitz"]
[Site "Chess.com"]
[Date "2015.11.03"]
[Round "7"]
[White "StoreySniper"]
[Black "kharposh"]
[Result "0-1"]
[WhiteElo "2151"]
[BlackElo "2072"]
[TimeControl "180+2"]
[EndTime "12:29:58 PST"]
[Termination "kharposh won on time"]

1. e4 e5 2. Nf3 Nc6 3. Bc4 Bc5 4.
O-O Nf6 5. c3 Nxe4 6. d4 Bb6 7.
dxe5 O-O 8. Bd5 Nc5 9. b4 Ne6 10. a4 a5 11. b5 Ne7 12. Be4 f6 13. exf6 Rxf6 14. Qc2 Ng6 15. Ng5 d5 16. Nxe6 Bxe6 17. Bf3 Nh4 18. Bg5 Nxf3+ 19. gxf3 Bh3 20. Rd1 Qe7 21.
Nd2 Qe2 22. Rf1 Rg6 23. Qxg6 hxg6 24. Rae1 Bxf2+ 0-1

[Event "*** Titled Tuesday 3|2 Blitz"]
[Site "Chess.com"]
[Date "2015.11.03"]
[Round "7"]
[White "ilmago"]
[Black "bugsbunny444"]
[Result "0-1"]
[WhiteElo "1919"]
[BlackElo "2334"]
[TimeControl "180+2"]
[EndTime "12:30:03 PST"]
[Termination "bugsbunny444 won by resignation"]

1. e4 e6 2. d3 d5 3. Nc3 dxe4 4.
Nxe4 b6 5. Be2 Bb7 6. Bf3 Nc6 7.
Nh3 Be7 8. O-O Rb8 9. Bf4 Nd4 10. Neg5 Nxf3+ 11. Nxf3 h6 12. Be5 Nf6 13. Qe2 O-O 14.
Rad1 Ng4 15. Bc3 Qd5 16. Nf4 Qf5 17. g3 Bxf3 18. Qxf3 e5 19. Qd5 c6 20. Qxc6 exf4 21. h3 Ne5 22. Bxe5 Qxe5 23. Rfe1 Qf6 24. Qe4 fxg3 25.
fxg3 Bc5+ 26. d4 Rbe8 27. Qd3 Bxd4+ 28. Kg2 Qf2+ 29. Kh1 Rxe1+ 0-1

[Event "*** Titled Tuesday 3|2 Blitz"]
[Site "Chess.com"]
[Date "2015.11.03"]
[Round "7"]
[White "kikydu96"]
[Black "BjarkeSahl"]
[Result "0-1"]
[WhiteElo "2237"]
[BlackElo "2159"]
[TimeControl "180+2"]
[EndTime "12:30:25 PST"]
[Termination "BjarkeSahl won by resignation"]

1. b3 Nf6 2. Bb2 g6 3. Bxf6 exf6 4. c4 f5 5. Nc3 Bg7 6. Rc1 O-O 7. e3 d6 8. Nf3 Nd7 9. Be2 Nf6 10. O-O Re8 11. d4 Ne4 12. Nxe4 Rxe4 13. Nd2 Re7 14. Bf3 c6 15. b4 Bd7 16. d5 Qc7 17. Nb3 Rae8 18. Nd4 Re5 19. dxc6 bxc6 20. b5 c5 21. Nc6 Bxc6 22. Bxc6 R8e7 23. Qd2 f4 24. e4 g5 25. Rfd1 R5e6 26. a4 Be5 27. a5 g4 28. g3 Rf6 29. Qe2 h5 30. Qd2 Kg7 31. Rb1 h4 32. gxh4 Rh6 33. Bd5 Re8 34. Qe2 f3 35. Qd2 Qe7 36. h3 Qxh4 37. Bxf7 Qxh3 38. Qg5+ Kxf7 39. Qf5+ Rf6 40. Qd7+ Re7 0-1

[Event "*** Titled Tuesday 3|2 Blitz"]
[Site "Chess.com"]
[Date "2015.11.03"]
[Round "7"]
[White "SerGo055"]
[Black "Blitzstream"]
[Result "1-0"]
[WhiteElo "2400"]
[BlackElo "2401"]
[TimeControl "180+2"]
[EndTime "12:30:35 PST"]
[Termination "SerGo055 won by checkmate"]

1. d4 d5 2. Nf3 Nf6 3. c4 c6 4.
Nc3 g6 5. Bf4 Bg7 6. e3 O-O 7.
Qb3 Nh5 8. Be5 f6 9. Bxb8 Rxb8 10. cxd5 Kh8 11. dxc6 e5 12. Be2 Qc7 13. Nb5 Qxc6 14. Nxa7 Qe4 15. Nxc8 Rbxc8 16. O-O exd4 17. Nxd4 f5 18.
Bf3 Qh4 19. Ne6 Be5 20. g3 Nxg3 21. fxg3 Bxg3 22. hxg3 Qxg3+ 23. Bg2 Rfe8 24. Rf3 Qe5 25. Ng5 Qc5 26. Rh3 h5 27. Rd1 Rc7 28. Qc3+ Qxc3 29.
bxc3 Rxc3 30. Rd7 Rcxe3 31. Rxe3 Rxe3 32. Rh7+ Kg8 33. Bd5+ Kf8 34. Ne6+ Ke8 35. Rxb7 Re5 36. Bc6# 1-0

[Event "*** Titled Tuesday 3|2 Blitz"]
[Site "Chess.com"]
[Date "2015.11.03"]
[Round "7"]
[White "GregShahade"]
[Black "darsen_sanzhaev"]
[Result "0-1"]
[WhiteElo "2302"]
[BlackElo "2263"]
[TimeControl "180+2"]
[EndTime "12:30:45 PST"]
[Termination "darsen_sanzhaev won by resignation"]

1. e4 c5 2. Nf3 Nc6 3. d4 cxd4 4. Nxd4 e5 5. Nb5 a6 6. Nd6+ Bxd6 7. Qxd6 Qf6 8. Qc7 Nge7 9. Nc3 O-O 10. Be3 b5 11. O-O-O Qg6 12. Rd6 f6 13. g3 Rb8 14.
Rd1 b4 15. Nd5 Nxd5 16. exd5 Rb7 17. Qd6 Na5 18. Bxa6 b3 19. axb3 Rxb3 20. Bd3 Rxd3 21. Rxd3 Nc4 22. Qc5 Qe4 23. Rhd1 d6 24. Qb4 Bg4 25.
Re1 Ra8 26. Ra3 Rxa3 27. bxa3 Bf5 28. Re2 Qxd5 29. a4 h5 30. Qb5 Qh1+ 0-1

[Event "*** Titled Tuesday 3|2 Blitz"]
[Site "Chess.com"]
[Date "2015.11.03"]
[Round "7"]
[White "Zkid"]
[Black "motivated_bishop"]
[Result "1-0"]
[WhiteElo "2533"]
[BlackElo "2211"]
[TimeControl "180+2"]
[EndTime "12:30:54 PST"]
[Termination "Zkid won by checkmate"]

1. e4 e5 2. Nf3 Nc6 3. Bb5 a6 4. Bxc6 dxc6 5. O-O Qf6 6. d4 exd4 7. Bg5 Qd6 8. Qxd4 Qxd4 9. Nxd4 Be7 10. Bxe7 Nxe7 11. Nc3 Bd7 12. f4 O-O-O 13. Rfe1 Rhe8 14. Nf3 Ng6 15. g3 Bg4 16. Kf2 b5 17. a3 c5 18.
Rad1 c6 19. Rxd8+ Rxd8 20. f5 Bxf3 21. fxg6 Bg4 22. gxh7 Rh8 23. e5 Bf5 24. Ne4 Rxh7 25. Nd6+ Kd7 26. Nxf5 Rxh2+ 27. Kf3 Rxc2 28. Nxg7 Rxb2 29.
Rd1+ Ke7 30. Rd6 Rb3+ 31. Kf4 Rxa3 32. Nf5+ Ke8 33. Rxc6 c4 34. Rc7 c3 35. Ne3 b4 36.
Nd5 b3 37. Rxc3 b2 38. Rc8+ Kd7 39. Rb8 Ra5 40. Nf6+ Ke6 41. Re8# 1-0

[Event "*** Titled Tuesday 3|2 Blitz"]
[Site "Chess.com"]
[Date "2015.11.03"]
[Round "7"]
[White "Rickstereo"]
[Black "ZEN-22"]
[Result "1-0"]
[WhiteElo "2093"]
[BlackElo "2150"]
[TimeControl "180+2"]
[EndTime "12:31:00 PST"]
[Termination "Rickstereo won by checkmate"]

1. c4 d5 2. cxd5 c6 3. dxc6 Nxc6 4.
Nf3 e5 5. d3 Bc5 6. e3 Nf6 7.
Be2 Bf5 8. O-O O-O 9. a3 a6 10. b4 Ba7 11. Bb2 Re8 12. Nc3 h6 13. Rc1 Rc8 14. Na4 Qe7 15. Nc5 Rcd8 16. Qb3 Bg6 17. Rfd1 Bxc5 18. Rxc5 e4 19. dxe4 Rxd1+ 20. Qxd1 Nxe4 21.
Rd5 Kh7 22. Rd7 Qe6 23. Nh4 Nxf2 24. Kxf2 Qxe3+ 25. Kf1 Be4 26. Rxf7 Ne5 27. Bc1 Qb6 28. Rf2 Rd8 29. Qe1 Nd3 30. Bxd3 Bxd3+ 31. Kg1 Qc6 32. Nf3 Re8 33. Qd2 Be4 34. Bb2 Qc7 35. Qc3 Qd7 36.
Rd2 Qf7 37. Ne5 Qf5 38. Qg3 Re7 39. h3 h5 40. Rf2 Qe6 41. Kh2 Rc7 42. Ng6 Bxg6 43.
Qxc7 Bf7 44. Qxf7 Qd6+ 45. Qf4 Qb6 46. Qe5 Kh6 47. Qxg7# 1-0

[Event "*** Titled Tuesday 3|2 Blitz"]
[Site "Chess.com"]
[Date "2015.11.03"]
[Round "7"]
[White "BIG_Pirate"]
[Black "stefanodinn"]
[Result "0-1"]
[WhiteElo "2261"]
[BlackElo "2145"]
[TimeControl "180+2"]
[EndTime "12:31:01 PST"]
[Termination "stefanodinn won by resignation"]

1. Nf3 c5 2. c4 Nc6 3. Nc3 g6 4. g3 Bg7 5. Bg2 e6 6. O-O Nge7 7. d4 cxd4 8. Nb5 d5 9. cxd5 Nxd5 10. Nbxd4 Nxd4 11. Nxd4 O-O 12. e4 Nb4 13. Be3 Bd7 14. Qb3 Nc6 15.
Rfd1 Qc8 16. Rac1 Bxd4 17. Rxc6 Bxc6 18. Bxd4 Rd8 19. h4 Qd7 20. Bf3 Ba4 21. Bf6 Bxb3 22. Rxd7 Rxd7 23. axb3 Rd3 24. Kg2 Rxb3 25. h5 Re8 26.
Bd4 e5 27. Bc3 Rxc3 28. bxc3 Rc8 29. hxg6 hxg6 30. Be2 Rxc3 31. Kf1 f6 32. Ke1 Kf7 33. Kd2 Rc7 34. Bd1 Ke7 35. Bb3 Kd6 36. f4 b5 37.
f5 gxf5 38. exf5 Rg7 0-1

[Event "*** Titled Tuesday 3|2 Blitz"]
[Site "Chess.com"]
[Date "2015.11.03"]
[Round "7"]
[White "saraswathii"]
[Black "xdb"]
[Result "0-1"]
[WhiteElo "1891"]
[BlackElo "2065"]
[TimeControl "180+2"]
[EndTime "12:31:07 PST"]
[Termination "xdb won by resignation"]

1. e4 c5 2. Nf3 e6 3. d3 d5 4. Nbd2 Nc6 5. g3 Nf6 6. Bg2 Be7 7. O-O O-O 8. e5 Nd7 9. Re1 b5 10. Qe2 a5 11. Nf1 a4 12. a3 b4 13. h4 bxa3 14.
bxa3 Rb8 15. N1h2 Ba6 16. Ng4 Qa5 17. Bd2 Qc7 18. h5 Nd4 19. Nxd4 cxd4 20. h6 g6 21. Bf4 Rb2 22. Rec1 Rc8 23. Bxd5 Rxc2 24. Qf3 Qa5 25. Rxc2 Rxc2 26. Be4 Qc3 27. Rb1 Qxa3 28.
Nf6+ Nxf6 29. Rb8+ Rc8 30. exf6 Bf8 31. Rxc8 Bxc8 32.
Bb7 Bxb7 33. Qxb7 Qxd3 34. Bd6 Bxd6 0-1

[Event "*** Titled Tuesday 3|2 Blitz"]
[Site "Chess.com"]
[Date "2015.11.03"]
[Round "7"]
[White "PowerThinking2650"]
[Black "eltenedor"]
[Result "1-0"]
[WhiteElo "2109"]
[BlackElo "1963"]
[TimeControl "180+2"]
[EndTime "12:31:22 PST"]
[Termination "PowerThinking2650 won on time"]

1. e4 d5 2. exd5 Nf6 3. d4 Nxd5 4.
Nf3 g6 5. Be2 Bg7 6. O-O O-O 7.
Nbd2 c6 8. Re1 Bf5 9. c3 Nd7 10.
Bf1 Re8 11. Nc4 Qc7 12. Nh4 Be6 13. g3 N7b6 14. Ne5 Rad8 15. Qf3 Rf8 16. Bd3 c5 17. Bd2 c4 18. Bc2 Nd7 19. Ng4 Bxg4 20. Qxg4 N7f6 21. Qe2 b5 22. a3 a5 23. f4 Qb6 24. Nf3 Rc8 25. Kg2 b4 26. axb4 axb4 27. Ne5 bxc3 28.
bxc3 Qb2 29. Rec1 Nxc3 30. Bxc3 Qxc3 31. Bf5 Qxd4 32. Bxc8 Rxc8 33. Rxc4 Rxc4 34. Ra8+ Bf8 35. Qxc4 Qd2+ 36. Kh3 e6 37. Qc7 1-0